[Event "41st Amateur D7"]
[Site "ChessGUI4"]
[Date "2013.07.06"]
[Round "13.3"]
[White "Gibbon 2.57a 64-bit"]
[Black "ChessKiss 1.7 64-bit"]
[Result "1-0"]
[BlackElo "2214"]
[ECO "A90"]
[EventDate "2013.??.??"]
[TimeControl "40/1500:40/1500:40/1500"]
[WhiteElo "2251"]

{ i5 Quad } 1.d4 d5 2.c4 e6 3.Nf3 c6 4.g3 Bd6 5.Bg2 f5 6.O-O Nf6 7.b3 Qe7 8.Bb2 O-O 9.Nc3 Na6
{ [%eval -65,11] [%emt 0:00: 43] (b6) } 10.c5
{ [%eval -2,12] [%emt 0:00:28] (Kh1) } 10...Bc7
{ [%eval -50,13] [%emt 0:00:38] (Bc7) } 11.Qc1
{ [%eval -9,12] [%emt 0:00:52] (Kh1) } 11...Kh8
{ [%eval -33,12] [%emt 0:00:40] (Ng4) } 12.a3
{ [%eval -9,13] [%emt 0:00:50] (a3) } 12...Bd7
{ [%eval -36,12] [%emt 0:00:39] (Ne4) } 13.Qg5
{ [%eval -8,13] [%emt 0:01:32] (Rd1) } 13...b6
{ [%eval -41,11] [%emt 0:00:38] (Qe8) } 14.b4
{ [%eval 4,13] [%emt 0: 00:50] (cxb6) } 14...Qf7
{ [%eval -33,12] [%emt 0:00:35] (bxc5) } 15.Qe3
{ [%eval 10, 10] [%emt 0:00:31] (Rab1) } 15...Ne4
{ [%eval -28,12] [%emt 0:00:36] (Bc8) } 16.Rfd1
{ [%eval 14,10] [%emt 0:00:22] (Qd3) } 16...Qg6
{ [%eval -22,11] [%emt 0:00:33] (Qh5) } 17.Qd3
{ [%eval 25,12] [%emt 0:00:26] (Qd3) } 17...b5
{ [%eval -22,11] [%emt 0:00:34] (Bc8) } 18.Ne5
{ [%eval 35,13] [%emt 0:00:34] (Qc2) } 18...Bxe5
{ [%eval -44,12] [%emt 0:00:34] (Bxe5) } 19.dxe5
{ [%eval 38,13] [%emt 0:00:44] (dxe5) } 19...Ng5
{ [%eval -54,11] [%emt 0:00:32] (Rfd8) } 20.f4
{ [%eval 58,13] [%emt 0:00:24] (f4) } 20...Nf7
{ [%eval -60,13] [%emt 0:00:31] (Nf7) } 21.Bf3
{ [%eval 46,12] [%emt 0:00:16] (Kh1) } 21...Nc7
{ [%eval -43,12] [%emt 0:00:32] (Nc7) } 22.Qd2
{ [%eval 39,13] [%emt 0:00:21] (Bg2) } 22...Nh6
{ [%eval -46,12] [%emt 0:00:29] (Nd8) } 23.e3
{ [%eval 48,12] [%emt 0:00:15] (Bg2) } 23...Rfb8
{ [%eval -55,11] [%emt 0:00:30] (Ng4) } 24.Rac1
{ [%eval 61,12] [%emt 0:00:30] (Bg2) } 24...Nf7
{ [%eval -63,12] [%emt 0:00:27] (Rf8) } 25.Ne2
{ [%eval 66,13] [%emt 0:00:22] (Bg2) } 25...Nd8
{ [%eval -77,12] [%emt 0:00:27] (Qh6) } 26.Nd4
{ [%eval 52,13] [%emt 0:00:17] (Nd4) } 26...Nb7
{ [%eval -71,13] [%emt 0:00:27] (Nb7) } 27.Bc3
{ [%eval 50,12] [%emt 0:00:17] (Nb3) } 27...Rg8
{ [%eval -65, 12] [%emt 0:00:25] (Rd8) } 28.Nb3
{ [%eval 60,12] [%emt 0:00:26] (Bg2) } 28...Qh6
{ [%eval -46,12] [%emt 0:00:25] (Rgd8) } 29.h4
{ [%eval 69,12] [%emt 0:00:15] (Nd4) } 29...Rad8
{ [%eval -56,11] [%emt 0:00:24] (Rgf8) } 30.Qh2
{ [%eval 66,13] [%emt 0:00:27] (Qe2) } 30...Be8
{ [%eval -74,12] [%emt 0:00:23] (Be8) } 31.Be2
{ [%eval 66,13] [%emt 0:00:23] (h5) } 31...Bh5
{ [%eval -19,14] [%emt 0:00:21] (Rb8) } 32.Rd2
{ [%eval 65,12] [%emt 0:00:16] (Bxh5) } 32...Bxe2
{ [%eval -17,12] [%emt 0:00: 22] (Bxe2) } 33.Qxe2
{ [%eval 61,13] [%emt 0:00:13] (Rxe2) } 33...Ra8
{ [%eval -5,11] [%emt 0:00:21] (Qg6) } 34.Nd4
{ [%eval 72,12] [%emt 0:00:08] (Qg2) } 34...Qg6
{ [%eval 2,12] [%emt 0:00:20] (Qg6) } 35.g4
{ [%eval 55,13] [%emt 0:00:14] (Kh2) } 35...Nd8
{ [%eval 24,11] [%emt 0:00:20] (Nd8) } 36.g5
{ [%eval 61,12] [%emt 0:00:14] (g5) } 36...Qe8
{ [%eval -9,13] [%emt 0:00:22] (Qe8) } 37.Rdd1
{ [%eval 54,12] [%emt 0: 00:29] (Kh1) } 37...Rf8
{ [%eval 20,12] [%emt 0:00:24] (Qd7) } 38.Nb3
{ [%eval 47,10] [%emt 0:00:13] (Qc2) } 38...Nb7
{ [%eval 6,13] [%emt 0:00:18] (Qe7) } 39.Kf2
{ [%eval 51,12] [%emt 0:00:12] (Kh1) } 39...Rc8
{ [%eval 22,13] [%emt 0:00:16] (Qd7) } 40.h5
{ [%eval 64,12] [%emt 0:00:15] (Kg1) } 40...Rd8
{ [%eval 14,12] [%emt 0:00:17] (Qe7) } 41.Qf3
{ [%eval 87,13] [%emt 0:00:52] (Kg1) } 41...Rg8
{ [%eval 12,14] [%emt 0:01:00] (Qd7) } 42.Qh3
{ [%eval 93,14] [%emt 0:01:05] (Kg1) } 42...Qd7
{ [%eval -14,13] [%emt 0:01:05] (Rc8) } 43.Rc2
{ [%eval 93,14] [%emt 0:02:25] (Kg1) } 43...Qc8
{ [%eval -25, 13] [%emt 0:01:04] (h6) } 44.Kf3
{ [%eval 101,14] [%emt 0:00:38] (Kg1) } 44...Rd7
{ [%eval -51,14] [%emt 0:00:53] (Qd7) } 45.h6
{ [%eval 103,14] [%emt 0:00:59] (Nd4) } 45...gxh6
{ [%eval -4,12] [%emt 0:00:53] (Nd8) } 46.Qxh6
{ [%eval 102,15] [%emt 0:01:22] (Qxh6) } 46...Qe8
{ [%eval -25,12] [%emt 0:00:51] (Rg6) } 47.Qh4
{ [%eval 116,12] [%emt 0:00:38] (Kg2) } 47...Rdg7
{ [%eval 4,11] [%emt 0:00:50] (Rdg7) } 48.Rh2
{ [%eval 117,13] [%emt 0:00:40] (Nd4) } 48...Rf8
{ [%eval -68,12] [%emt 0:00: 48] (Qg6) } 49.Qh5
{ [%eval 117,13] [%emt 0:00:23] (Rg1) } 49...Qxh5+
{ [%eval -61,13] [%emt 0:00:46] (Kg8) } 50.Rxh5
{ [%eval 118,14] [%emt 0:00:05] (Rxh5) } 50...Kg8
{ [%eval -70,15] [%emt 0:00:45] (Nd8) } 51.Nd4
{ [%eval 110,15] [%emt 0:00:32] (Nd4) } 51...Nd8
{ [%eval -69,14] [%emt 0:00:44] (Nd8) } 52.Rh6
{ [%eval 117,15] [%emt 0:00:34] (Rg1) } 52...Rff7
{ [%eval -73,14] [%emt 0:00:42] (Re8) } 53.Rdh1
{ [%eval 129,15] [%emt 0:00:27] (Ke2) } 53...Kf8
{ [%eval -70,14] [%emt 0:00:42] (Rf8) } 54.Be1
{ [%eval 168,16] [%emt 0:00:37] (R1h2) } 54...Ke8
{ [%eval -195,15] [%emt 0:00:40] (Ke8) } 55.Ne2
{ [%eval 189,17] [%emt 0:00:39] (g6) } 55...Kf8
{ [%eval -243,15] [%emt 0:00:40] (Ke7) } 56.Ng3
{ [%eval 213,17] [%emt 0:00:35] (Ng3) } 56...Ne8
{ [%eval -255, 16] [%emt 0:00:39] (Ne8) } 57.Nh5
{ [%eval 193,17] [%emt 0:00:26] (R6h2) } 57...Rg6
{ [%eval -242,18] [%emt 0:00:37] (Rg6) } 58.Rxg6
{ [%eval 215,18] [%emt 0:00:24] (Nf6) } 58...hxg6
{ [%eval -289,18] [%emt 0:00:35] (hxg6) } 59.Nf6
{ [%eval 205,19] [%emt 0:00:28] (Nf6) } 59...Nxf6
{ [%eval -284,18] [%emt 0:00:34] (Ke7) } 60.exf6
{ [%eval 301,15] [%emt 0:00:07] (exf6) } 60...Kg8
{ [%eval -225,19] [%emt 0:00:33] (Kg8) } 61.Bc3
{ [%eval 295,20] [%emt 0:00:41] (Bc3) } 61...Rh7
{ [%eval -239,17] [%emt 0: 00:32] (Rh7) } 62.Rxh7
{ [%eval 270,20] [%emt 0:00:24] (Ra1) } 62...Kxh7
{ [%eval -212, 20] [%emt 0:00:31] (Kxh7) } 63.Be5
{ [%eval 265,21] [%emt 0:00:28] (Be5) } 63...Kg8
{ [%eval -237,20] [%emt 0:00:32] (Kg8) } 64.Bb8
{ [%eval 255,21] [%emt 0:00:30] (Bd6) } 64...a6
{ [%eval -237,22] [%emt 0:00:27] (a6) } 65.Ke2
{ [%eval 228,22] [%emt 0:00:28] (Bd6) } 65...Nf7
{ [%eval -211,21] [%emt 0:00:32] (Kf8) } 66.Bd6
{ [%eval 250, 23] [%emt 0:00:32] (Bd6) } 66...Nh8
{ [%eval -224,22] [%emt 0:00:28] (Nh8) } 67.Kd3
{ [%eval 239,24] [%emt 0:00:33] (Kd3) } 67...Kf7
{ [%eval -221,21] [%emt 0:00:27] (Kf7) } 68.Bb8
{ [%eval 225,24] [%emt 0:00:45] (Kc3) } 68...Kf8
{ [%eval -212,20] [%emt 0:00: 26] (Ke8) } 69.Be5
{ [%eval 225,24] [%emt 0:00:25] (Kc3) } 69...Nf7
{ [%eval -208,20] [%emt 0:00:26] (Ke8) } 70.Ba1
{ [%eval 225,23] [%emt 0:00:55] (Kd4) } 70...Ke8
{ [%eval -227,21] [%emt 0:00:25] (Ke8) } 71.Bc3
{ [%eval 225,22] [%emt 0:00:13] (Kc2) } 71...Nh8
{ [%eval -220,20] [%emt 0:00:23] (Kf8) } 72.Bd4
{ [%eval 208,22] [%emt 0:00:18] (Kc2) } 72...Nf7
{ [%eval -215,22] [%emt 0:00:25] (Nf7) } 73.Bb2
{ [%eval 212,23] [%emt 0:00:20] (Kc3) } 73...Kf8
{ [%eval -222,21] [%emt 0:00:23] (Kd8) } 74.Ke2
{ [%eval 212,23] [%emt 0:00:16] (Kc2) } 74...Ke8
{ [%eval -222,21] [%emt 0:00: 22] (Ke8) } 75.Bc3
{ [%eval 219,23] [%emt 0:00:42] (Kd2) } 75...Kd8
{ [%eval -202,21] [%emt 0:00:21] (Kd8) } 76.Kf3
{ [%eval 223,23] [%emt 0:00:16] (Kd3) } 76...Kd7
{ [%eval -198,20] [%emt 0:00:21] (Ke8) } 77.Bd4
{ [%eval 223,24] [%emt 0:00:54] (Ke2) } 77...Nd8
{ [%eval -206,18] [%emt 0:00:20] (Kd8) } 78.Ba1
{ [%eval 224,22] [%emt 0:00:22] (Ke2) } 78...Nf7
{ [%eval -206,21] [%emt 0:00:20] (Nf7) } 79.Bc3
{ [%eval 222,22] [%emt 0:00:13] (Ke2) } 79...Kc7
{ [%eval -179,19] [%emt 0:00:17] (Ke8) } 80.Bd4
{ [%eval 222,20] [%emt 0:00:12] (Ke2) } 80...Kd7
{ [%eval -200,21] [%emt 0:00: 17] (Kd7) } 81.Kg3
{ [%eval 222,24] [%emt 0:01:43] (Ke2) } 81...Ke8
{ [%eval -184,23] [%emt 0:01:01] (Ke8) } 82.Bc3
{ [%eval 222,24] [%emt 0:01:52] (Be5) } 82...Kd7
{ [%eval -185,22] [%emt 0:01:00] (Kd7) } 83.Bb2
{ [%eval 230,23] [%emt 0:00:52] (Be5) } 83...Ke8
{ [%eval -175,23] [%emt 0:00:58] (Kc7) } 84.Kf2
{ [%eval 250,24] [%emt 0:00:52] (Be5) } 84...Kf8
{ [%eval -187,22] [%emt 0:00:56] (Kd7) } 85.Kf3
{ [%eval 250,25] [%emt 0:00:39] (Bd4) } 85...Ke8
{ [%eval -195,21] [%emt 0:00:55] (Nd8) } 86.Ke2
{ [%eval 250,24] [%emt 0:00:30] (Ke2) } 86...Kf8
{ [%eval -205,22] [%emt 0:00: 54] (Kd7) } 87.Kd2
{ [%eval 223,24] [%emt 0:00:44] (Kd3) } 87...Nd8
{ [%eval -210,21] [%emt 0:00:52] (Ke8) } 88.Bc3
{ [%eval 223,23] [%emt 0:00:36] (Kc2) } 88...Kf7
{ [%eval -197,22] [%emt 0:00:49] (Ke8) } 89.Kd3
{ [%eval 220,24] [%emt 0:01:05] (Kc2) } 89...Ke8
{ [%eval -212,23] [%emt 0:00:48] (Ke8) } 90.Ke2
{ [%eval 220,23] [%emt 0:00:54] (Kc2) } 90...Kf7
{ [%eval -193,22] [%emt 0:00:47] (Kf7) } 91.Bd4
{ [%eval 220,23] [%emt 0:00:32] (a4) } 91...Ke8
{ [%eval -186,22] [%emt 0:00:46] (Ke8) } 92.Be5
{ [%eval 220,23] [%emt 0:00:32] (Kd2) } 92...Kd7
{ [%eval -212,21] [%emt 0:00: 44] (Nf7) } 93.Kd3
{ [%eval 220,23] [%emt 0:00:33] (Kd2) } 93...Nf7
{ [%eval -225,21] [%emt 0:00:43] (Nf7) } 94.Bc3
{ [%eval 220,23] [%emt 0:01:34] (Kc3) } 94...Ke8
{ [%eval -235,21] [%emt 0:00:41] (Kd8) } 95.Bd4
{ [%eval 202,22] [%emt 0:00:28] (Kd2) } 95...Nd8
{ [%eval -199,22] [%emt 0:00:40] (Kd7) } 96.Bb2
{ [%eval 209,23] [%emt 0:00:36] (Kc3) } 96...Nb7
{ [%eval -212,21] [%emt 0:00:39] (Nf7) } 97.Kd4
{ [%eval 478,22] [%emt 0:00:30] (Kc2) } 97...Kf8
{ [%eval -346,20] [%emt 0:00:39] (Kd7) } 98.Ke5
{ [%eval 779,22] [%emt 0:00:45] (Ke5) } 98...Kf7
{ [%eval -686,22] [%emt 0:00: 36] (Kf7) } 99.Bc3
{ [%eval 813,22] [%emt 0:00:27] (Bd4) } 99...d4
{ [%eval -811,21] [%emt 0:00:38] (Nd8) } 100.exd4
{ [%eval 870,22] [%emt 0:00:31] (exd4) } 100...Nd8
{ [%eval -1014,22] [%emt 0:00:36] (Ke8) } 101.Kd6
{ [%eval 906,23] [%emt 0:00:29] (Kd6) } 101...Ke8
{ [%eval -1245,20] [%emt 0:00:34] (Ke8) } 1-0

[Event "41st Amateur D7"]
[Site "ChessGUI4"]
[Date "2013.07.06"]
[Round "13.4"]
[White "Waxman 2011"]
[Black "Shallow 1.0 64-bit"]
[Result "1-0"]
[BlackElo "2200"]
[ECO "E32"]
[EventDate "2013.??.??"]
[TimeControl "40/1500:40/1500:40/1500"]
[WhiteElo "2256"]

{ i5 Quad } 1.d4 Nf6 2.c4 e6 3.Nc3 Bb4 4.Qc2 O-O 5.a3 Bxc3+ 6.Qxc3 b6 7.Bg5 c5 8.dxc5 bxc5 9.Nf3 Bb7
{ [%eval -32,14] [%emt 0:00:42] (Bb7) } 10.e3
{ [%eval 33,12] [%emt 0:00:42] (e3) } 10...Bxf3
{ [%eval -32,14] [%emt 0:00:42] (Na6) } 11.gxf3
{ [%eval 74,12] [%emt 0:00:32] (gxf3) } 11...a5
{ [%eval -31,14] [%emt 0:00:42] (Nc6) } 12.Rg1
{ [%eval 135,13] [%emt 0:00:35] (Rg1) } 12...Kh8
{ [%eval -34,14] [%emt 0:00:42] (Kh8) } 13.Bd3
{ [%eval 112,12] [%emt 0:00:44] (Rd1) } 13...d6
{ [%eval -23,14] [%emt 0:00:42] (d6) } 14.Bxf6
{ [%eval 87,12] [%emt 0:00:39] (Bxf6) } 14...Qxf6
{ [%eval -23,16] [%emt 0:00:42] (Qxf6) } 15.Qxf6
{ [%eval 64,14] [%emt 0:00:33] (Qxf6) } 15...gxf6
{ [%eval -25,15] [%emt 0:00:42] (gxf6) } 16.O-O-O
{ [%eval 48,14] [%emt 0:00:34] (b3) } 16...a4
{ [%eval -21,15] [%emt 0:00: 42] (Nd7) } 17.f4
{ [%eval 63,14] [%emt 0:00:39] (h4) } 17...Ra6
{ [%eval -21,15] [%emt 0:00:42] (Ra6) } 18.f3
{ [%eval 62,14] [%emt 0:00:36] (h4) } 18...f5
{ [%eval -21,15] [%emt 0:00:42] (Nc6) } 19.Bc2
{ [%eval 52,14] [%emt 0:00:32] (h4) } 19...f6
{ [%eval -21,15] [%emt 0:00:42] (Nd7) } 20.h4
{ [%eval 93,15] [%emt 0:00:35] (h4) } 20...Rf7
{ [%eval -23,14] [%emt 0:00:42] (Rg8) } 21.Rd2
{ [%eval 93,15] [%emt 0:00:32] (h5) } 21...Rg7
{ [%eval -25,16] [%emt 0:00:42] (Rg7) } 22.Rgd1
{ [%eval 93,16] [%emt 0:00:42] (Rgd1) } 22...Rd7
{ [%eval -30,16] [%emt 0:00:42] (Rd7) } 23.h5
{ [%eval 98, 16] [%emt 0:00:40] (h5) } 23...Kg8
{ [%eval -36,15] [%emt 0:00:42] (h6) } 24.h6
{ [%eval 166,16] [%emt 0:00:48] (h6) } 24...Rd8
{ [%eval -110,15] [%emt 0:01:08] (Kh8) } 25.Rg2+
{ [%eval 213,16] [%emt 0:00:46] (Rg2) } 25...Kh8
{ [%eval -118,16] [%emt 0:00: 41] (Kh8) } 26.Rg7
{ [%eval 223,16] [%emt 0:02:00] (Rg7) } 26...Nd7
{ [%eval -124,15] [%emt 0:00:41] (Rd7) } 27.Rdg1
{ [%eval 275,17] [%emt 0:01:01] (Rdg1) } 27...Raa8
{ [%eval -130,15] [%emt 0:00:41] (Raa8) } 28.Rf7
{ [%eval 275,17] [%emt 0:00:53] (Rf7) } 28...Ra6
{ [%eval -134,14] [%emt 0:00:41] (Nf8) } 29.Rgg7
{ [%eval 300,17] [%emt 0:01:05] (Kd2) } 29...Nf8
{ [%eval -137,14] [%emt 0:00:41] (Nf8) } 30.Rxf6
{ [%eval 305,16] [%emt 0:00:47] (Rxf6) } 30...Raa8
{ [%eval -220,15] [%emt 0:00:41] (Raa8) } 31.Kb1
{ [%eval 330,16] [%emt 0:01:13] (Rff7) } 31...Re8
{ [%eval -213,14] [%emt 0:00:41] (d5) } 32.e4
{ [%eval 372,15] [%emt 0:00:46] (e4) } 32...fxe4
{ [%eval -342,14] [%emt 0:00:55] (d5) } 33.Bxe4
{ [%eval 491,16] [%emt 0:00:55] (Bxe4) } 33...d5
{ [%eval -346,14] [%emt 0:00:40] (d5) } 34.cxd5
{ [%eval 550,15] [%emt 0:00: 30] (cxd5) } 34...Rad8
{ [%eval -347,14] [%emt 0:00:40] (Rad8) } 35.dxe6
{ [%eval 581, 14] [%emt 0:00:20] (dxe6) } 35...Rxe6
{ [%eval -354,14] [%emt 0:00:40] (Rxe6) } 36.Rxe6
{ [%eval 543,18] [%emt 0:01:48] (Rxe6) } 36...Nxe6
{ [%eval -359,15] [%emt 0:00: 40] (Nxe6) } 37.Rxh7+
{ [%eval 575,16] [%emt 0:00:21] (Rxh7) } 37...Kg8
{ [%eval -313, 1] [%emt 0:00:00] (Kg8) } 38.Ra7 Nxf4
{ [%eval -366,13] [%emt 0:00:46] (Nf8) } 39.Rxa4
{ [%eval 606,15] [%emt 0:00:20] (Rxa4) } 39...Ne2
{ [%eval -381,12] [%emt 0:01:01] (Kf7) } 40.Ra7
{ [%eval 618,14] [%emt 0:00: 14] (Kc2) } 40...Nd4
{ [%eval -381,13] [%emt 0:00:43] (Nd4) } 41.Rg7+
{ [%eval 607,16] [%emt 0:00:44] (b4) } 41...Kh8
{ [%eval -369,14] [%emt 0:00:37] (Kh8) } 42.Rh7+
{ [%eval 607,16] [%emt 0:00:28] (Rh7) } 42...Kg8
{ [%eval -329,1] [%emt 0:00:00] (Kg8) } 43.Re7 Rf8
{ [%eval -366,13] [%emt 0:00:38] (Nb3) } 44.f4
{ [%eval 628,16] [%emt 0:00:36] (Rc7) } 44...Nf5
{ [%eval -368,14] [%emt 0:00:38] (c4) } 45.h7+
{ [%eval 634,17] [%emt 0:00:35] (h7) } 45...Kh8
{ [%eval -350,1] [%emt 0:00:00] (Kh8) } 46.Rd7 Ne3
{ [%eval -375, 14] [%emt 0:00:39] (Ne3) } 47.Rc7
{ [%eval 621,16] [%emt 0:00:38] (b4) } 47...c4
{ [%eval -375,15] [%emt 0:00:39] (c4) } 48.Ka2
{ [%eval 623,16] [%emt 0:00:36] (Bg6) } 48...Nf5
{ [%eval -375,15] [%emt 0:00:39] (Rb8) } 49.Bb1
{ [%eval 624,16] [%emt 0:00:29] (Bc2) } 49...Ne3
{ [%eval -379,15] [%emt 0:00:39] (Nd6) } 50.a4
{ [%eval 626,16] [%emt 0:00:30] (Bg6) } 50...Ra8
{ [%eval -385,16] [%emt 0:00:39] (Ra8) } 51.Ka3
{ [%eval 627,17] [%emt 0:00:41] (Be4) } 51...Nf1
{ [%eval -388,15] [%emt 0:00: 39] (Rb8) } 52.Be4
{ [%eval 725,17] [%emt 0:01:01] (Be4) } 52...Rd8
{ [%eval -398,15] [%emt 0:00:39] (Rf8) } 53.a5
{ [%eval 743,17] [%emt 0:01:03] (a5) } 53...Ng3
{ [%eval -494,14] [%emt 0:00:39] (Nd2) } 54.Bc6
{ [%eval 743,16] [%emt 0:00:31] (Bg6) } 54...Rd1
{ [%eval -530,14] [%emt 0:00:39] (Ne2) } 55.Ka2
{ [%eval 768,16] [%emt 0:00: 34] (Kb4) } 55...Ne2
{ [%eval -615,13] [%emt 0:00:39] (c3) } 56.a6
{ [%eval 716,16] [%emt 0:01:33] (Be4) } 56...Nc1+
{ [%eval -579,14] [%emt 0:00:39] (Nc1) } 1-0

[Event "41st Amateur D7"]
[Site "ChessGUI4"]
[Date "2013.07.06"]
[Round "13.5"]
[White "ProChess 1.02AD"]
[Black "MadChess 1.2"]
[Result "1/2-1/2"]
[BlackElo "2200"]
[ECO "B06"]
[EventDate "2013.??.??"]
[TimeControl "40/1500:40/1500:40/1500"]
[WhiteElo "2244"]

{ i5 Quad } 1.e4 g6 2.d4 Bg7 3.Nc3 c6 4.Bc4 d6 5.Qf3 e6 6.Nge2 b5 7.Bb3 a5 8.a3 Ba6 9.d5 cxd5 { [%eval -61,11] [%emt 0:00:33] (cxd5) } 10.exd5
{ [%eval 68,12] [%emt 0:02:01] (exd5) } 10...e5
{ [%eval -49,11] [%emt 0:00:20] (e5) } 11.Ne4
{ [%eval 80,11] [%emt 0:00:56] (O-O) } 11...h6
{ [%eval -23,11] [%emt 0:00:26] (a4) } 12.Bd2
{ [%eval 65,11] [%emt 0:01:12] (O-O) } 12...f5
{ [%eval -21,12] [%emt 0:00:45] (f5) } 13.N4c3
{ [%eval 35,12] [%emt 0:00:57] (N4c3) } 13...Ne7
{ [%eval 15,11] [%emt 0:00:24] (Nd7) } 14.g4
{ [%eval 35,11] [%emt 0: 01:43] (O-O) } 14...Nd7
{ [%eval 65,10] [%emt 0:00:36] (Nd7) } 15.gxf5
{ [%eval 35,11] [%emt 0:00:29] (gxf5) } 15...O-O
{ [%eval 73,10] [%emt 0:00:23] (O-O) } 16.Qg2
{ [%eval 30,11] [%emt 0:00:56] (Qg2) } 16...Rxf5
{ [%eval 72,10] [%emt 0:00:31] (Rxf5) } 17.Ne4
{ [%eval 33,11] [%emt 0:01:40] (Ne4) } 17...Qc7
{ [%eval 69,10] [%emt 0:00:29] (Qc7) } 18.N2g3
{ [%eval 38,10] [%emt 0:00:25] (N2c3) } 18...Rf4
{ [%eval -26,11] [%emt 0:00:43] (Rff8) } 19.Qh3
{ [%eval 71,11] [%emt 0:00:41] (Nxd6) } 19...Nf8
{ [%eval -14,11] [%emt 0:00:27] (Rf7) } 20.a4
{ [%eval 75,11] [%emt 0:00:59] (Bxf4) } 20...bxa4
{ [%eval 54,11] [%emt 0:00:41] (bxa4) } 21.Rxa4
{ [%eval 63,12] [%emt 0:00:28] (Rxa4) } 21...Bb5
{ [%eval 38,11] [%emt 0:00:21] (Bb5) } 22.Ra3
{ [%eval 51,11] [%emt 0:00:22] (Ra1) } 22...a4
{ [%eval 112,11] [%emt 0:00:53] (a4) } 23.Bxf4
{ [%eval 10,10] [%emt 0:00:16] (Nc3) } 23...exf4
{ [%eval 151,11] [%emt 0:00:27] (exf4) } 24.Ne2
{ [%eval -35,11] [%emt 0:00:37] (Ne2) } 24...Ra5
{ [%eval 151,11] [%emt 0:00:44] (Ra5) } 25.c4
{ [%eval -41,11] [%emt 0:00:17] (Nxf4) } 25...axb3
{ [%eval 191,11] [%emt 0:00:36] (axb3) } 26.cxb5
{ [%eval -125,13] [%emt 0:00:29] (cxb5) } 26...Bxb2
{ [%eval 179,13] [%emt 0:00:42] (Rxa3) } 27.Rxa5
{ [%eval -46,12] [%emt 0:00:23] (Rxa5) } 27...Qxa5+
{ [%eval 163,13] [%emt 0:00:23] (Qxa5) } 28.Kf1
{ [%eval -43,13] [%emt 0:00:35] (Kf1) } 28...Qxb5
{ [%eval 168,13] [%emt 0:00:37] (Qxb5) } 29.Nd2
{ [%eval -47,13] [%emt 0:00:33] (Nd2) } 29...Qxd5
{ [%eval 154,14] [%emt 0: 00:39] (Nxd5) } 30.Qxb3
{ [%eval -49,14] [%emt 0:00:16] (Qxb3) } 30...Qxb3
{ [%eval 156,15] [%emt 0:00:34] (Qxb3) } 31.Nxb3
{ [%eval -53,14] [%emt 0:00:11] (Nxb3) } 31...Ne6
{ [%eval 161,14] [%emt 0:00:21] (Ne6) } 32.Ke1
{ [%eval -54,14] [%emt 0:00: 54] (Kg2) } 32...Kf7
{ [%eval 186,12] [%emt 0:00:41] (Be5) } 33.Kd2
{ [%eval -52,13] [%emt 0:00:14] (Kd2) } 33...Be5
{ [%eval 178,12] [%emt 0:00:55] (d5) } 34.Kd3
{ [%eval -51,13] [%emt 0:00:21] (Nbc1) } 34...Nc6
{ [%eval 174,12] [%emt 0:00:49] (Kf6) } 35.Rc1
{ [%eval -32,13] [%emt 0:00:18] (Rc1) } 35...f3
{ [%eval 166,13] [%emt 0:00:28] (Nb8) } 36.Ng1
{ [%eval -5,13] [%emt 0:00:11] (Ng3) } 36...Bxh2
{ [%eval 171,16] [%emt 0:01:23] (Bxh2) } 37.Nxf3
{ [%eval -13,14] [%emt 0:00:21] (Nxf3) } 37...Ne5+
{ [%eval 161,16] [%emt 0:00:52] (Ne5) } 38.Nxe5+
{ [%eval -8,15] [%emt 0:00:08] (Nxe5) } 38...Bxe5
{ [%eval 164,16] [%emt 0:01:53] (Bxe5) } 39.Ke4
{ [%eval -6,14] [%emt 0:00: 31] (Ke4) } 39...Kf6
{ [%eval 169,15] [%emt 0:02:04] (Nf4) } 40.Rc8
{ [%eval -2,13] [%emt 0:00:12] (Rc6) } 40...h5
{ [%eval 165,14] [%emt 0:01:03] (g5) } 41.Nd2
{ [%eval 0,15] [%emt 0:02:29] (Na5) } 41...Nc7
{ [%eval 173,16] [%emt 0:01:30] (Ke7) } 42.Rf8+
{ [%eval 0,18] [%emt 0:01:50] (Rf8) } 42...Ke6
{ [%eval 183,15] [%emt 0:00:42] (Ke6) } 43.Nf3
{ [%eval 0,17] [%emt 0:01:20] (Nf3) } 43...Bf6
{ [%eval 186,15] [%emt 0:00:39] (Bf6) } 44.Nd4+
{ [%eval 0,17] [%emt 0:01:30] (Rg8) } 44...Ke7
{ [%eval 159,16] [%emt 0:01:34] (Bxd4) } 45.Rb8
{ [%eval 0,15] [%emt 0:00:35] (Rb8) } 45...d5+
{ [%eval 165, 15] [%emt 0:00:49] (d5) } 46.Ke3
{ [%eval 7,16] [%emt 0:02:56] (Kd3) } 46...h4
{ [%eval 167,15] [%emt 0:01:01] (h4) } 47.f4
{ [%eval 17,15] [%emt 0:02:50] (Rb7) } 47...Ne8
{ [%eval 115,15] [%emt 0:01:40] (h3) } 48.Nc6+
{ [%eval 76,16] [%emt 0:00:23] (Rb7) } 48...Kd7
{ [%eval 1,16] [%emt 0:01:35] (Kd7) } 49.Ne5+
{ [%eval 85,17] [%emt 0: 00:35] (Ne5) } 49...Bxe5
{ [%eval 0,16] [%emt 0:00:41] (Bxe5) } 50.fxe5
{ [%eval 90,17] [%emt 0:00:32] (fxe5) } 50...Nc7
{ [%eval -22,16] [%emt 0:00:51] (h3) } 51.Rb6
{ [%eval 95,14] [%emt 0:00:22] (Rb6) } 51...Ne6 52.Rd6+
{ [%eval 128,16] [%emt 0:00:35] (Rd6) } 52...Ke7
{ [%eval -41,17] [%emt 0:01:07] (Ke7) } 53.Rxd5
{ [%eval 133,16] [%emt 0:00:51] (Rxd5) } 53...Ng5
{ [%eval -65,16] [%emt 0:01:05] (h3) } 54.Rd6
{ [%eval 163,15] [%emt 0:00:39] (Rd6) } 54...Nf7
{ [%eval -160,15] [%emt 0:00:39] (Ne6) } 55.Rxg6
{ [%eval 173,16] [%emt 0:00:20] (Rxg6) } 55...Nxe5
{ [%eval -184,16] [%emt 0:00:39] (Nxe5) } 1/2-1/2